 Dungeon Crawl Stone Soup version 0.20-a0-656-g9b0dcd9 (webtiles) character file.

123 Alarkh the Grave Robber (level 4, 0/30 HPs)
             Began as a Mummy Necromancer on Feb 16, 2017.
             Slain by an orc
             ... wielding a +0 whip
              (5 damage)
             ... on level 3 of the Dungeon.
             The game lasted 00:02:54 (2297 turns).

Alarkh the Grave Robber (Mummy Necromancer)         Turns: 2297, Time: 00:02:55

Health: 0/30       AC:  2    Str: 11    XL:     4   Next: 80%
Magic:  0/10       EV: 12    Int: 15    God:
Gold:   112        SH:  0    Dex: 12    Spells: 0/12 levels left

rFire    x . .     SeeInvis .   a - +0 quarterstaff
rCold    + . .     Gourm    .   d - +0 robe
rNeg     + + +     Faith    .   (shield currently unavailable)
rPois    ∞         Spirit   .   (no helmet)
rElec    .         Reflect  .   (no cloak)
rCorr    .         Harm     .   (no gloves)
MR       .....                  (no boots)
Stlth    ++........             (no amulet)
Regen    0.1/turn               (no ring)
MPRegen  0.2/turn               (no ring)

@: very slightly contaminated
A: no food or potions, fire vulnerability, cold resistance 1, negative energy
resistance 3, torment resistance, unbreathing
a: no special abilities


You were on level 3 of the Dungeon.
You were not hungry.

You visited 1 branch of the dungeon, and saw 4 of its levels.

You collected 112 gold pieces.

Inventory:

Hand Weapons
 a - a +0 quarterstaff (weapon)
Armour
 d - a +0 robe (worn)
Magical Staves
 b - an uncursed staff of energy
Scrolls
 c - a scroll of identify {unknown}
 e - 2 scrolls of amnesia {unknown}
 f - a scroll of fear {unknown}
 h - a scroll of remove curse {unknown}
 i - 2 scrolls of teleportation {unknown}
Books
 g - a book of Necromancy

   Spells                             Type                      Level
   a - Pain                           Necromancy                   1
   b - Animate Skeleton               Necromancy                   1
   c - Vampiric Draining              Necromancy                   3
   d - Regeneration                   Charms/Necromancy            3
   e - Animate Dead                   Necromancy                   4
   f - Control Undead                 Necromancy                   4


   Skills:
 - Level 1.5 Dodging
 - Level 1.5 Stealth
 + Level 4.7 Spellcasting
 + Level 5.2 Necromancy


You couldn't memorise any spells.
You knew the following spells:

 Your Spells              Type           Power        Failure   Level  Hunger
a - Pain                  Necr           ###.         1%          1    N/A
b - Vampiric Draining     Necr           ###.......   10%         3    N/A
c - Control Undead        Necr           ###.......   24%         4    N/A
d - Animate Dead          Necr           N/A          24%         4    N/A

Dungeon Overview and Level Annotations

Branches:
Dungeon (4/15)
 Temple: D:4-7

Altars:
Dithmenos
Ru
Xom

Annotations:
D:3 Grinder
D:4 Blork the orc


Innate Abilities, Weirdness & Mutations

You do not eat or drink.
Your flesh is vulnerable to fire.
You are immune to poison.
Your flesh is cold resistant. (rC+)
You are immune to negative energy. (rN+++)
You are immune to unholy pain and torment.
You can survive without breathing.


Message History

You kill the orc!
You feel life coursing into your body. The orc hits you with a whip.
* * * LOW HITPOINT WARNING * * *
Casting: Vampiric Draining
Confirm with . or Enter, or press ? or * to list all spells.
Aiming: Vampiric Draining
Press: ? - help, Shift-Dir - straight line, f - orc
Aim: an orc, wielding a whip and wearing a chain mail (lightly wounded)
You miscast Vampiric Draining.
You are very lightly contaminated with residual magic.
Pain shoots through your body. The orc hits you but does no damage.
Casting: Vampiric Draining
Confirm with . or Enter, or press ? or * to list all spells.
Aiming: Vampiric Draining
Press: ? - help, Shift-Dir - straight line, f/p - orc
Aim: an orc, wielding a whip and wearing a chain mail (lightly wounded)
You miscast Vampiric Draining.
You hear strange and distant voices.
The orc hits you with a whip.
You die...

### ### ###_###8###
####
###8...8...8##...#
#####.........##.#
#..#8........)@#.#
###..##........o####
#....##8...8...8###
#.#.#####_###8###
.....##########
#.#.#...####..##
#..†...###.....#
###.#..# #.###.#
#.#..###.# #.#


You could see an orc.

Vanquished Creatures
  A hound (D:3)
  A worker ant (D:4)
  2 adders
  3 dart slugs
  2 leopard geckos (D:2)
  2 orcs
  4 bats
  A giant cockroach (D:4)
  7 goblins
  6 hobgoblins
  A ball python (D:2)
  A frilled lizard (D:2)
  5 kobolds
  7 rats
43 creatures vanquished.

Notes
Turn   | Place    | Note
-------+----------+-------------------------------------------
     0 | D:1      | Alarkh the Mummy Necromancer began the quest for the Orb.
     0 | D:1      | Reached XP level 1. HP: 13/13 MP: 4/4
   392 | D:1      | Reached XP level 2. HP: 19/19 MP: 1/6
  1200 | D:2      | Reached XP level 3. HP: 15/24 MP: 0/8
  1645 | D:2      | Found a shimmering altar of Xom.
  1859 | D:3      | Noticed Grinder
  1912 | D:3      | Found a sacrificial altar of Ru.
  1983 | D:4      | Noticed Blork the orc
  1991 | D:3      | Found a shadowy altar of Dithmenos.
  2016 | D:4      | Reached XP level 4. HP: 30/30 MP: 7/10
  2033 | D:4      | Reached skill level 5 in Necromancy
  2280 | D:3      | Learned a level 3 spell: Vampiric Draining
  2285 | D:3      | Learned a level 4 spell: Control Undead
  2290 | D:3      | Learned a level 4 spell: Animate Dead
  2297 | D:3      | Slain by an orc

Vault maps used:
D:1:      dpeg_arrival_morbid_curiosity
D:2:      nicolae_overflow_crystal_walls, serial_glass, glass_columns_b,
          glass_columns_c, serial_park_tiny_1
D:3:      old_standard_altar, nicolae_overflow_hidden_temple,
          makhleb_heckhound_becter, uniq_iyjb, uniq_robin, uniq_grinder
D:4:      grunt_temple_overflow_open, temple_statues, uniq_blork_the_orc,
          uniq_sigmund

Skill      XL: |  1  2  3  4 |
---------------+-------------+-----
Spellcasting   | 3 4 |  4.7
Necromancy     | 5 |  5.2
Dodging        | |  1.5
Stealth        | |  1.5

Action                   |  1- 3 |  4- 6 || total
-------------------------+-------+-------++-------
Melee: Quarterstaff      |     3 |       ||     3
 Cast: Pain              |    76 |    17 ||    93
       Vampiric Draining |       |     1 ||     1
 Stab: Sleeping          |     1 |       ||     1
Armor: Robe              |     6 |     3 ||     9
Dodge: Dodged            |    21 |    16 ||    37
